 Dungeon Crawl Stone Soup version 0.31.0-32-g396128a36d (webtiles) character file.

Game seed: 995632158759112370

152499 firemarshallily the Warrior (level 17, -2/153 HPs)
             Began as a Demonspawn Gladiator on Mar 23, 2024.
             Was the Champion of Qazlal.
             Slain by an alligator (12 damage)
             ... on level 4 of the Swamp on Mar 24, 2024.
             The game lasted 01:24:20 (27443 turns).

firemarshallily the Warrior (Demonspawn Gladiator) Turns: 27443, Time: 01:24:20

Health: -2/153     AC: 24    Str: 27    XL:     17   Next: 2%
Magic:  13/21      EV: 10    Int:  8    God:    Qazlal [******]
Gold:   1678       SH: 28    Dex: 17    Spells: 16/16 levels left

rFire   . . .        b - +8 eveningstar (distort)
rCold   . . .        U - +3 buckler
rNeg    . . .        k - +1 chain mail {rPois}
rPois   +            (helmet unavailable)
rElec   +            M - +0 cloak
rCorr   .            p - +2 pair of gloves
SInv    +            I - +1 pair of boots
Will    +....        R - amulet of reflection Stlth
                     O - ring of Guckitt {Fly rElec}
HPRegen 0.45/turn    h - +6 ring of strength
MPRegen 0.17/turn

%: repel missiles, reflection
@: protected from physical damage, flying, studying Dodging
A: antennae 3, large bone plates 2, icemail 1, condensation shield, demonic
magic 2
a: Renounce Religion, Upheaval, Elemental Force, Disaster Area


You were on level 4 of the Swamp.
You worshipped Qazlal.
Qazlal was exalted by your worship.
You visited 5 branches of the dungeon, and saw 27 of its levels.
You also visited: Bailey.

You collected 3024 gold pieces.
You spent 1346 gold pieces at shops.

Inventory:

Hand Weapons
 b - a +8 eveningstar of distortion (weapon)
Missiles
 d - 15 throwing nets
 e - 36 poisoned darts
 n - 14 boomerangs (quivered)
 x - a silver javelin
 B - 25 javelins
 D - a curare-tipped dart
 W - 4 darts of dispersal
Armour
 k - a +1 chain mail of poison resistance (worn)
 l - a +2 chain mail of cold resistance
 p - a +2 pair of gloves (worn)
 I - a +1 pair of boots (worn)
 M - a +0 cloak (worn)
 U - a +3 buckler (worn)
Jewellery
 c - a ring of protection from fire
 h - a +6 ring of strength (right hand)
 q - a +4 ring of protection
 C - a ring of positive energy
 O - the ring of Guckitt (left hand) {Fly rElec}
   (You found it in a bailey)

   [ring of flight]

   rElec:     It insulates you from electricity.
   Fly:       It grants you flight.
 R - an amulet of reflection (around neck)
Wands
 g - a wand of quicksilver (26)
Scrolls
 a - 3 scrolls of fog
 f - 4 scrolls of poison
 j - 3 scrolls of amnesia
 r - 4 scrolls of immolation
 v - a scroll of brand weapon
 y - 3 scrolls of summoning
 z - 4 scrolls of revelation
 A - 5 scrolls of fear
 H - 6 scrolls of teleportation
 L - 7 scrolls of identify
 T - 4 scrolls of silence
 V - a scroll of vulnerability
Potions
 s - 6 potions of brilliance
 t - a potion of magic
 u - 2 potions of resistance
 w - a potion of lignification
 E - 10 potions of might
 F - 3 potions of enlightenment
 G - a potion of attraction
 J - 2 potions of ambrosia
 K - 4 potions of cancellation
 P - 4 potions of berserk rage
 Q - 13 potions of curing
 S - 3 potions of invisibility
 Y - a potion of haste
 Z - 2 potions of mutation


   Skills:
 * Level 19.2 Fighting
 - Level 6.3(11.9) Axes
 - Level 15.5(16.0) Maces & Flails
 + Level 5.1 Throwing
 + Level 12.6 Armour
 - Level 2.6 Dodging
 - Level 7.5 Shields
 + Level 6.5 Invocations


You had 16 spell levels left.
You didn't know any spells.
Your spell library contained the following spells:

 Spells                   Type           Power      Damage    Failure   Level
 Apportation              Tloc           0%         N/A       86%         1
 Foxfire                  Conj/Fire      0%         2x1d4     86%         1
 Necrotise                Necr           0%         1d4       86%         1
 Slow                     Hex            0%         N/A       86%         1
 Sting                    Conj/Alch      0%         1d3       86%         1
 Summon Small Mammal      Summ           0%         N/A       86%         1
 Call Canine Familiar     Summ           0%         N/A       99%         3
 Confusing Touch          Hex            0%         N/A       99%         3
 Frozen Ramparts          Ice            0%         1d1       99%         3
 Hailstorm                Conj/Ice       0%         3d5       99%         3
 Inner Flame              Hex/Fire       0%         N/A       99%         3
 Passwall                 Erth           0%         N/A       99%         3
 Sigil of Binding         Hex            0%         N/A       99%         3
 Stone Arrow              Conj/Erth      0%         3d7       99%         3
 Summon Ice Beast         Ice/Summ       0%         N/A       99%         3
 Vampiric Draining        Necr           0%         2d6       99%         3
 Dimensional Bullseye     Hex/Tloc       0%         N/A       100%        4
 Flame Wave               Conj/Fire      0%         2d4       100%        4
 Leda's Liquefaction      Alch/Erth      0%         N/A       100%        4
 Petrify                  Alch/Erth      0%         N/A       100%        4
 Sticky Flame             Fire/Alch      0%         2d4       100%        4
 Vhi's Electric Charge    Tloc/Air       0%         N/A       100%        4
 Arcjolt                  Conj/Air       0%         1d10      100%        5
 Metabolic Englaciation   Hex/Ice        0%         N/A       100%        5
 Summon Mana Viper        Hex/Summ       0%         N/A       100%        5
 Eringya's Noxious Bog    Alch           0%         4d6       100%        6
 Plasma Beam              Fire/Air       0%         2x1d10    100%        6
 Sculpt Simulacrum        Ice/Alch       0%         N/A       100%        6
 Starburst                Conj/Fire      0%         6d3       100%        6
 Monstrous Menagerie      Summ           0%         N/A       100%        7
 Ozocubu's Refrigeration  Ice            0%         4d7       100%        7
 Polar Vortex             Ice            0%         N/A       100%        9


Dungeon Overview and Level Annotations

Branches:
Dungeon (15/15)            Temple (1/1) D:4            Lair (5/5) D:11
  Swamp (4/4) Lair:2       Spider (0/4) Lair:2        Slime (0/5) Lair:4
    Orc (2/2) D:11            Elf (0/3) Orc:2        Vaults (0/5) D:14
 Depths (0/4) D:15         Bailey (visited)

Altars:
Ashenzari
Cheibriados
Dithmenos
Fedhas
Gozag
Hepliaklqana
Kikubaaqudgha
Makhleb
Nemelex Xobeh
Okawaru
Qazlal
Ru
Sif Muna
Trog
Uskayaw
Vehumet
Wu Jian
Xom
Yredelemnul
Jiyva

Shops:
D:6 (   D:15 :   Orc:2 [!?!

Annotations:
D:12 2 transporters, Hnaef's ghost, journeyman FeAE
D:14 2 transporters, Cown's ghost, journeyman TrHu
Swamp:1 1 runed translucent door, velxir3's ghost, journeyman FeBe


Innate Abilities, Weirdness & Mutations

You have a pair of large antennae on your head. (SInv)
You are mostly covered in large bone plates. (SH +6)
A meltable icy envelope protects you from harm. (AC +0)
A meltable shield of frost defends you. (SH +0)
Spells you cast may paralyse nearby enemies.


Message History

The eleionoma is moderately wounded.
The blast of magma engulfs the spectral death drake!
The spectral death drake is moderately damaged.
You hear a sizzling sound!
The cutting wind hits the swamp dragon!!
The swamp dragon is heavily wounded.
The blast of rubble hits the eleionoma!!
The eleionoma is heavily wounded.
The blast of magma engulfs the alligator!
The alligator is heavily wounded.
You hear a sizzling sound!
The blast of magma engulfs the swamp dragon!!
The swamp dragon is severely wounded.
You block the swamp dragon's attack.
The swamp dragon claws you but does no damage.
You block the swamp dragon's attack. The swamp dragon barely misses you.
The swamp dragon claws you but does no damage.
The swamp dragon tramples you but does no damage.
The alligator barely misses you. The alligator bites you.
* * * LOW HITPOINT WARNING * * *
You feel more protected from physical attacks.
The alligator drags you backwards!
The alligator tail-slaps you but does no damage.
The alligator bites you but does no damage.
The swamp worm is engulfed in spectral mist.
The eleionoma is engulfed in spectral mist.
The eleionoma flows through the trees.
The swamp worm is engulfed in spectral mist.
The ghost crab breathes spectral mist at you.
The spectral mist engulfs the eleionoma.
Unknown command.
You feel better.
The sentinel's mark upon you fades away.
The alligator is engulfed in spectral mist.
You block the alligator's attack. x2
The alligator is engulfed in spectral mist.
The alligator hisses menacingly.
The alligator tail-slaps you but does no damage.
The alligator bites you!
You die...

♣♣♣♣♣♣♣♣ ♣♣♣♣......♣♣ ♣♣♣♣♣
.~....≈≈≈≈.♣♣ ♣~..♣♣♣
~<.≈≈≈≈≈≈≈≈.♣♣ ♣♣~~~..♣
~..≈≈≈≈≈≈≈≈..♣♣♣♣.~~~..♣
~.≈≈≈≈≈≈≈≈≈t○☼♣§~☼~§§.♣♣♣♣
~.≈≈≈≈≈≈≈≈≈☼§§♣§☼§~§§~.~.♣♣♣
..≈≈≈≈≈≈≈≈.~Zw○RDl§§§§.§....
~♣≈.≈≈☼....~☼≈☼w@l§§§..~§...
♣♣♣...........wD§~.~~~.~~~..
♣ ♣♣♣♣..=.~.♣○~○~○.~~~~~~~..
♣ ♣♣♣♣.{..♣~.~~.~~~~~~~~.
♣{♣♣♣♣♣♣~.~~~~~~~~~~ ♣♣♣
♣♣♣.~~~~~~~.. ♣♣♣♣~~~~...
♣♣~~..~ ♣♣


You could see an eleionoma, 2 swamp dragons, 2 alligators, a tyrant leech
(poisoned), a ghost crab, a spectral death drake (summoned) and 2 swamp worms.

Vanquished Creatures
  4 tentacled monstrosities
  A thorn hunter (Swamp:3)
  Louise (D:14)
  An ironbound preserver (D:14)
  3 bunyips
  A dire elephant (Lair:5)
  8 eleionomae
  Snorg (Orc:2)
  2 ettins (Orc:2)
  A shambling mangrove (Swamp:3)
  11 hydras
  The ghost of seawaffle the Cleaver, a journeyman DsBe of Trog (D:11)
  2 ghost crabs
  8 alligators
  A catoblepas (Lair:4)
  A boulder beetle (D:14)
  A spriggan air mage (Swamp:2)
  Erica (Lair:2)
  8 centaur warriors
  5 two-headed ogres
  4 death yaks
  3 tengu warriors
  A deep troll earth mage (D:15)
  5 orc high priests (Orc:2)
  A soul eater (D:10)
  A spectral dire elephant (Lair:5)
  A fire crab (Lair:5)
  A skyshark (Lair:4)
  4 goliath frogs
  A spectral death yak (Lair:5)
  A spectral anaconda (Lair:5)
  2 spriggan druids
  An arcanist (D:15)
  6 orc knights
  3 swamp dragons (Swamp:1)
  3 bog bodies
  An obsidian statue (Lair:5)
  4 necromancers (Lair:5)
  4 orc sorcerers (Orc:2)
  A wolf spider (D:15)
  7 ugly things
  4 will-o-the-wisps
  Maurice (Orc:1)
  A cyclops (shapeshifter) (D:14)
  2 cyclopes (D:15)
  5 kobold blastminers (Orc:2)
  6 manticores
  16 elephants
  A centaur zombie (D:11)
  A moth of wrath (Swamp:2)
  A black mamba (Lair:5)
  A molten gargoyle (Lair:4)
  A torpor snail (Swamp:2)
  2 gargoyles
  3 rime drakes
  14 cane toads
  Jeremiah (D:6)
  An efreet (D:13)
  8 komodo dragons
  A dire elephant skeleton (Lair:5)
  A freezing wraith (D:15)
  2 tengu conjurers
  A troll (shapeshifter) (D:13)
  6 hornets
  13 trolls
  A bloated husk (Swamp:2)
  2 wolf spider simulacra
  8 tyrant leeches
  2 polar bears
  A spectral elephant (Lair:5)
  20 blink frogs
  10 slime creatures
  A spriggan (shapeshifter) (D:14)
  Sigmund (D:3)
  2 shadows
  2 centaur simulacra (D:11)
  A wraith (D:10)
  9 spriggans
  2 vampires
  59 yaks
  A human (shapeshifter) (D:13)
  2 wyverns
  4 basilisks
  3 wargs
  A steam dragon (D:7)
  2 redbacks (Lair:2)
  10 vampire mosquitoes
  2 death yak simulacra (Lair:5)
  15 swamp worms
  An acid dragon (D:10)
  13 water moccasins
  A hydra simulacrum (Lair:2)
  3 swamp drakes
  An ice beast (D:6)
  47 orc warriors
  A sky beast (D:6)
  4 laughing skulls
  A tengu (shapeshifter) (D:14)
  16 ogres
  An elephant zombie (Lair:5)
  12 wolves
  12 centaurs
  An elephant skeleton (Lair:5)
  A phantom (D:6)
  2 kobold brigands (D:9)
  A weeping skull (D:11)
  18 bullfrogs
  11 gnoll sergeants
  A cane toad simulacrum (Lair:5)
  7 wights (D:7)
  An elephant simulacrum (Lair:5)
  10 killer bees
  5 howler monkeys
  6 electric eels
  A quasit (D:10)
  35 orc priests
  8 hounds
  A komodo dragon simulacrum (Lair:2)
  A bombardier beetle (D:5)
  5 gnoll boudas
  A spectral boggart (D:11)
  3 iron imps (D:10)
  3 sleepcaps
  4 iguanas
  Natasha (thrice) (D:2)
  17 orc wizards
  A yak simulacrum (Lair:2)
  2 bullfrog simulacra (Lair:2)
  2 boggart simulacra (D:15)
  17 gnolls
  9 adders
  3 shadow imps
  A white imp (D:5)
  A ribbon worm (D:4)
  3 dart slugs
  106 orcs
  6 bats
  3 endoplasms
  A giant cockroach (D:2)
  2 goblins (D:1)
  5 hobgoblins
  3 jackals (D:1)
  5 quokkas
  5 ball pythons
  A frilled lizard (D:1)
  19 kobolds
  7 rats
  A spectral orc (D:11)
833 creatures vanquished.

Vanquished Creatures (collateral kills)
  An ogre (D:11)
  A kobold brigand (D:11)
  A gnoll sergeant (D:11)
  2 gnolls (D:11)
  2 orcs (D:11)
7 creatures vanquished.

Vanquished Creatures (others)
  A spriggan air mage (Swamp:3)
  A spriggan (Swamp:2)
  3 hornets
  2 bloated husks (Swamp:1)
  A swamp worm (Swamp:3)
  A kobold brigand (D:11)
  13 foxfires
22 creatures vanquished.

Grand Total: 862 creatures vanquished

Notes
Turn   | Place    | Note
-------+----------+-------------------------------------------
     0 | D:1      | firemarshallily the Demonspawn Gladiator began the quest
                  | for the Orb.
     0 | D:1      | Reached XP level 1. HP: 16/16 MP: 1/1
   110 | D:1      | Gained mutation: You are partially covered in large bone
                  | plates. (SH +4) [demonic ancestry]
   110 | D:1      | Reached XP level 2. HP: 22/22 MP: 2/2
   957 | D:2      | Reached XP level 3. HP: 22/28 MP: 3/3
  1043 | D:2      | Reached skill level 1 in Armour
  1198 | D:2      | Reached skill level 3 in Fighting
  1381 | D:2      | Noticed Natasha
  1389 | D:2      | Killed Natasha
  1390 | D:2      | Gained mutation: You are mostly covered in large bone
                  | plates. (SH +6) [demonic ancestry]
  1390 | D:2      | Reached XP level 4. HP: 21/35 MP: 4/4
  1578 | D:2      | Noticed Natasha
  1588 | D:2      | Killed Natasha
  1984 | D:2      | Noticed Natasha
  1988 | D:2      | Killed Natasha
  1989 | D:2      | Gained mutation: You have a pair of small antennae on your
                  | head. [demonic ancestry]
  1989 | D:2      | Reached XP level 5. HP: 41/42 MP: 5/5
  2219 | D:3      | Found a snail-covered altar of Cheibriados.
  2260 | D:3      | Noticed Sigmund
  2285 | D:3      | Killed Sigmund
  2286 | D:3      | Reached skill level 4 in Fighting
  2286 | D:3      | Gained mutation: You have a pair of antennae on your head.
                  | [demonic ancestry]
  2286 | D:3      | Reached XP level 6. HP: 33/49 MP: 6/6
  2472 | D:3      | Found a faded altar of an unknown god.
  2592 | D:3      | Found a radiant altar of Vehumet.
  2776 | D:4      | Found a staircase to the Ecumenical Temple.
  2790 | Temple   | Entered the Ecumenical Temple
  2805 | Temple   | Became a worshipper of Qazlal Stormbringer
  3553 | D:5      | Entered Level 5 of the Dungeon
  3732 | D:5      | Reached skill level 5 in Fighting
  3732 | D:5      | Reached skill level 5 in Axes
  3737 | D:5      | Gained mutation: A meltable shield of frost defends you.
                  | (SH +0) [demonic ancestry]
  3737 | D:5      | Reached XP level 7. HP: 28/56 MP: 7/7
  4083 | D:5      | HP: 4/84 [burnt (2)]
  4085 | D:5      | HP: 1/84 [burnt (2)]
  4558 | D:5      | Reached * piety under Qazlal
  4715 | D:6      | Noticed Jeremiah
  4746 | D:6      | Paralysed by Jeremiah for 4 turns
  4753 | D:6      | Killed Jeremiah
  4754 | D:6      | Reached skill level 6 in Fighting
  4754 | D:6      | Reached XP level 8. HP: 9/65 MP: 8/8
  5217 | D:6      | Reached skill level 1 in Maces & Flails
  5217 | D:6      | Found a broken altar of Ashenzari.
  5372 | D:6      | Reached skill level 7 in Fighting
  5527 | D:6      | Found Wushridi's Antique Weapon Shop.
  5533 | D:6      | Bought a pitted mace for 224 gold pieces
  5533 | D:6      | Identified the +5 mace of Sharkskin {drain, Will+ Str+7}
                  | (You bought it in a shop on level 6 of the Dungeon)
  5909 | D:7      | Reached XP level 9. HP: 65/73 MP: 9/9
  6083 | D:7      | Reached skill level 8 in Fighting
  6376 | D:7      | Reached skill level 5 in Armour
  6536 | D:8      | Reached ** piety under Qazlal
  6537 | D:8      | Reached skill level 5 in Maces & Flails
  6752 | D:8      | Reached skill level 9 in Fighting
  7155 | D:9      | You fall into a shaft and drop 3 floors!
  7168 | D:11     | Noticed a tengu warrior
  7172 | D:11     | Noticed a tengu conjurer
  7175 | D:11     | Noticed a troll
  7176 | D:10     | Entered Level 10 of the Dungeon
  7181 | D:10     | Reached XP level 10. HP: 78/83 MP: 10/10
  7332 | D:10     | Found a flagged portal.
  7348 | Bailey   | Entered a bailey
  7356 | Bailey   | Reached skill level 10 in Fighting
  7462 | Bailey   | Reached *** piety under Qazlal
  7774 | Bailey   | Identified the ring of Guckitt {Fly rElec}
  8271 | D:10     | Found a shimmering blue altar of Sif Muna.
  8338 | D:10     | Noticed a sixfirhy
  8348 | D:10     | Banished a sixfirhy
  8349 | D:10     | Reached skill level 11 in Fighting
  8349 | D:10     | Reached XP level 11. HP: 63/93 MP: 8/11
  8477 | D:10     | Noticed a soul eater
  8487 | D:10     | Killed a soul eater
  8614 | D:10     | Found the +9 staff of Olgreb {rPois∞}
  8704 | D:9      | Noticed a two-headed ogre
  8711 | D:9      | Killed a two-headed ogre
  8729 | D:9      | Found a shadowy altar of Dithmenos.
  8804 | D:9      | Found an iron altar of Okawaru.
  9014 | D:9      | Reached **** piety under Qazlal
  9339 | D:9      | Found a sparkling altar of Nemelex Xobeh.
  9347 | D:9      | Found an ornate altar of the Wu Jian Council.
  9348 | D:9      | Found a sacrificial altar of Ru.
  9349 | D:9      | Found a hazy altar of Hepliaklqana.
  9535 | D:11     | Reached skill level 12 in Fighting
  9541 | D:11     | Killed a tengu warrior
  9650 | D:11     | Noticed a two-headed ogre
  9658 | D:11     | Killed a two-headed ogre
  9973 | D:11     | Found a staircase to the Lair.
 10178 | D:11     | Found a runed translucent gate.
 10178 | D:11     | Found a runed translucent gate.
 10179 | D:11     | Found a runed translucent gate.
 10180 | D:11     | Noticed seawaffle's ghost (journeyman DsBe)
 10217 | D:11     | Reached ***** piety under Qazlal
 10248 | D:11     | Reached XP level 12. HP: 26/103 MP: 12/12
 10253 | D:11     | Reached skill level 10 in Maces & Flails
 10428 | D:11     | Found a staircase to the Orcish Mines.
 10622 | D:11     | Found a basalt altar of Yredelemnul.
 11035 | D:12     | Reached skill level 13 in Fighting
 11213 | D:12     | Found a transporter.
 11341 | D:12     | Got the Compendium of the Tektite and Chemistry
 11354 | D:12     | Found a bloodstained altar of Trog.
 11355 | D:12     | Noticed a two-headed ogre
 11371 | D:12     | Found a transporter.
 11371 | D:12     | Noticed an ettin
 11372 | D:12     | Noticed Hnaef's ghost (journeyman FeAE)
 11373 | D:12     | Noticed a two-headed ogre
 11713 | Lair:1   | Entered Level 1 of the Lair of Beasts
 11768 | Lair:1   | Reached skill level 1 in Shields
 11892 | Lair:1   | You fall into a shaft and drop 1 floor!
 12019 | Lair:2   | Noticed an eleionoma
 12026 | Lair:2   | Killed an eleionoma
 12088 | Lair:2   | Found a staircase to the Swamp.
 12089 | Lair:2   | Found a transporter.
 12207 | Lair:1   | Reached skill level 14 in Fighting
 12228 | Lair:1   | Gained mutation: Spells you cast may paralyse adjacent
                  | enemies. [demonic ancestry]
 12228 | Lair:1   | Reached XP level 13. HP: 111/113 MP: 13/13
 13136 | Lair:2   | Noticed Erica
 13401 | Lair:2   | Killed Erica
 13556 | Lair:2   | Found a transporter.
 13803 | Lair:2   | Found a hole to the Spider Nest.
 14322 | Lair:3   | Reached ****** piety under Qazlal
 15114 | Lair:4   | Reached skill level 15 in Fighting
 15136 | Lair:4   | Found a staircase to the Slime Pits.
 15136 | Lair:4   | Found a viscous altar of Jiyva.
 15772 | Lair:5   | Entered Level 5 of the Lair of Beasts
 15895 | Lair:5   | Gained mutation: You have a pair of large antennae on your
                  | head. (SInv) [demonic ancestry]
 15895 | Lair:5   | Reached XP level 14. HP: 97/123 MP: 14/14
 15907 | Lair:5   | Reached skill level 10 in Armour
 15907 | Lair:5   | Reached skill level 5 in Shields
 16678 | Lair:5   | Reached skill level 16 in Fighting
 16827 | Lair:5   | Identified the +6 scimitar "Qeprom" {flame, ^Contam rPois
                  | rF++}
 17393 | Orc:1    | Entered Level 1 of the Orcish Mines
 17404 | Orc:1    | Noticed Maurice
 17418 | Orc:1    | Killed Maurice
 17757 | Orc:2    | Entered Level 2 of the Orcish Mines
 17798 | Orc:2    | Noticed Snorg
 17822 | Orc:2    | Killed Snorg
 18021 | Orc:2    | Found Nojogir's Antique Armour Emporium.
 18423 | Orc:2    | Reached XP level 15. HP: 132/132 MP: 15/15
 18431 | Orc:2    | Found Xuezuah's Distillery.
 18436 | Orc:2    | Bought a potion of cancellation for 104 gold pieces
 18436 | Orc:2    | Bought a potion of haste for 130 gold pieces
 18436 | Orc:2    | Bought a potion of curing for 39 gold pieces
 18436 | Orc:2    | Bought a potion of might for 52 gold pieces
 18436 | Orc:2    | Bought a potion of curing for 39 gold pieces
 18915 | Orc:2    | Paralysed by an orc sorcerer for 5 turns
 19237 | Orc:2    | Reached skill level 17 in Fighting
 19468 | Orc:2    | Found Eju Guemi's Distillery.
 19483 | Orc:2    | Bought a potion of curing for 45 gold pieces
 19483 | Orc:2    | Bought a potion of curing for 45 gold pieces
 19483 | Orc:2    | Bought a potion of heal wounds for 75 gold pieces
 19483 | Orc:2    | Bought a potion of might for 60 gold pieces
 19483 | Orc:2    | Bought a potion of mutation for 120 gold pieces
 19586 | Orc:2    | Found Pienoena's Magic Scroll Shop.
 19601 | Orc:2    | Bought a scroll of brand weapon for 133 gold pieces
 19601 | Orc:2    | Bought a scroll of blinking for 105 gold pieces
 19601 | Orc:2    | Bought a scroll of teleportation for 42 gold pieces
 19601 | Orc:2    | Bought a scroll of silence for 133 gold pieces
 19834 | Orc:2    | Found a staircase to the Elven Halls.
 20531 | D:13     | Identified the +0 leather armour "Ovetot" {Will+}
 20916 | D:14     | Reached skill level 15 in Maces & Flails
 20921 | D:14     | Noticed Louise
 20938 | D:14     | Killed Louise
 21006 | D:14     | Noticed Cown's ghost (journeyman TrHu)
 21059 | D:14     | Found a transporter.
 21075 | D:14     | Found a transporter.
 21479 | D:14     | Found a gate to the Vaults.
 21816 | D:15     | Entered Level 15 of the Dungeon
 22209 | D:15     | Found a staircase to the Depths.
 22218 | D:15     | Reached skill level 18 in Fighting
 22232 | D:15     | Reached skill level 1 in Invocations
 22309 | D:15     | Found Jeysk's Book Shop.
 23000 | Swamp:1  | Entered Level 1 of the Swamp
 23000 | Swamp:1  | Found a runed translucent door.
 23008 | Swamp:1  | Gained mutation: A meltable icy envelope protects you from
                  | harm. (AC +0) [demonic ancestry]
 23008 | Swamp:1  | Reached XP level 16. HP: 133/143 MP: 17/17
 23271 | Swamp:1  | Identified the +6 spear of the Eternal Void {spect, *Rage
                  | rCorr Dex+3 Stlth+}
 23410 | D:11     | Killed seawaffle's ghost
 23566 | Lair:2   | HP: 6/143 [wolf spider simulacrum (15)]
 23946 | Swamp:1  | Noticed velxir3's ghost (journeyman FeBe)
 24685 | Swamp:2  | Identified the +0 spear of Pumel {vamp, rPois rCorr Str-3}
 25240 | Swamp:2  | Noticed a tentacled monstrosity
 25250 | Swamp:2  | Killed a tentacled monstrosity
 25662 | Swamp:2  | Reached skill level 5 in Invocations
 26061 | Swamp:3  | HP: 7/145 [acid (5)]
 26448 | Swamp:3  | Noticed a tentacled monstrosity
 26459 | Swamp:3  | Killed a tentacled monstrosity
 26460 | Swamp:3  | Reached skill level 19 in Fighting
 26460 | Swamp:3  | Noticed a tentacled monstrosity
 26468 | Swamp:3  | Killed a tentacled monstrosity
 26650 | Swamp:3  | Noticed a tentacled monstrosity
 26664 | Swamp:3  | Killed a tentacled monstrosity
 26711 | Swamp:3  | Noticed a thorn hunter
 26729 | Swamp:3  | Killed a thorn hunter
 26748 | Swamp:3  | Reached skill level 5 in Throwing
 27360 | Swamp:4  | Entered Level 4 of the Swamp
 27368 | Swamp:4  | Gained mutation: Spells you cast may paralyse nearby
                  | enemies. [demonic ancestry]
 27368 | Swamp:4  | Reached XP level 17. HP: 135/153 MP: 21/21
 27440 | Swamp:4  | HP: 4/153 [swamp worm/harpoon shot (12)]
 27443 | Swamp:4  | Slain by an alligator

Illustrated notes

Levels and vault maps discovered:
D:1:      scummos_arrival_star, layout_loops_corners
D:2:      cheibrodos_helix_gallery, layout_basic, serial_glass, glass_columns_c,
          glass_columns_c, glass_columns_b, uniq_natasha
D:3:      layout_loops_ring, lemuel_crystal_altar, mainiacjoe_overflow_alcove_1,
          lemuel_crystal_altar, shapermc_ecumenical_altar_totnotflames,
          ebering_dispersal_statue_hall, uniq_sigmund
D:4:      layout_gridville, temple_doors_e
D:5:      layout_basic, serial_bayou_ford_a, minmay_starry_boxes
D:6:      layout_rooms, cheibrodos_ashenzari_chains, serial_shops,
          nicolae_stop_n_shop_2, uniq_jeremiah
D:7:      layout_loops_ring, abandoned_shop
D:8:      layout_rooms, mainiacjoe_overflow_chevrons
D:9:      layout_irregular_city, nicolae_dithmenos_shadow_blocks, minitemple,
          overflow_temple_1_default
D:10:     layout_rooms, general_overflow_altar, enter_bailey_6,
          nicolae_demonic_statue_gallery
D:11:     layout_basic, erik_lair_island,
          kennysheep_orc_monster_closet_entryway, gammafunk_ghost_necromancy,
          yredelemnul_forgotten_temple_becter
D:12:     layout_rooms, gammafunk_ghost_wrathful_warriors,
          kennysheep_generic_room_4
D:13:     layout_irregular_city
D:14:     layout_roguey [special_room_orc], skrybe_vaults_entry_preservation,
          gammafunk_ghost_stat_death, uniq_louise
D:15:     hellmonk_depths_entry_around_the_bend, layout_loops_cross,
          serial_shops, nicolae_shop_window_shopping, kennysheep_two_boxes
Temple:   hellmonk_temple_forest_ring
Lair:1:   layout_cave_pods
Lair:2:   gammafunk_cloud_chamber, layout_long_grid,
          alex1729_swamp_entry_worm_eleionoma, spider_nest_entry_webs,
          uniq_erica
Lair:3:   layout_regular_city, serial_bayou, serial_bayou_pond_c,
          serial_bayou_pond_e, serial_bayou_lake_a, serial_bayou_crossing,
          serial_bayou_shore_b, serial_bayou_pond_d
Lair:4:   layout_gridlike, slime_entry_1, nicolae_lair_yak_garden
Lair:5:   due_jungle_book, layout_gridlike, st_stairs_10, serial_bayou_pond_b,
          columned_hall_lemuel, eino_small_chamber_without_monster
Swamp:1:  layout_falls_marsh, ebering_ghost_funeral_grove,
          evilmike_swamp_ruin_rubble_1, swamp_pool_1_2, st_swamp_mini
Swamp:2:  tekkud_swamp_unearthing_site, layout_basic_swamp,
          evilmike_swamp_ruin_rubble_2, swamp_pool_3, hangedman_swamp_blocks,
          worms_lemuel
Swamp:3:  nzn_winding_woodlands_small [nzn_winding_woodlands_5x15_eye,
          nzn_winding_woodlands_center_triple_pond,
          nzn_winding_woodlands_5x15_sidewinder], layout_falls_marsh,
          evilmike_swamp_ruin_house_1
Swamp:4:  swamp_basic_johnstein, layout_basic_swamp, swamp_pool_5,
          infiniplex_staircase_pool
Orc:1:    layout_caves, uniq_maurice
Orc:2:    pubby_orc_utopia, serial_shops, uniq_snorg

Skill      XL: |  1  2  3  4  5  6  7  8  9 10 11 12 13 14 15 16 |
---------------+-------------------------------------------------+-----
Axes           | 3 4 5 6 |  6.3
Armour         | 1 2 3 4 5 6 8 9 10 11 12 | 12.6
Fighting       | 3 4 5 6 7 9 11 12 14 15 16 18 19 | 19.2
Maces & Flails | 3 5 8 9 11 12 14 15 | 15.5
Shields        | 2 4 6 7 |  7.5
Throwing       | 2 5 |  5.1
Invocations    | 1 6 |  6.5
Dodging        | |  2.6

Action                     |  1- 3 |  4- 6 |  7- 9 | 10-12 | 13-15 | 16-18 || total
---------------------------+-------+-------+-------+-------+-------+-------++-------
  Melee: War axe           |    93 |   143 |    85 |       |       |       ||   321
         Punch             |       |     2 |     1 |     1 |       |       ||     4
         Eveningstar       |       |       |   148 |   484 |   963 |   317 ||  1912
  Throw: Throwing net      |       |     1 |       |       |       |       ||     1
         Javelin           |       |     1 |     7 |    10 |     2 |     1 ||    21
         Boomerang         |       |       |    11 |    44 |    46 |    61 ||   162
         Dart              |       |       |     6 |     2 |     1 |       ||     9
 Invoke: Disaster Area     |       |       |       |       |       |     1 ||     1
  Evoke: Wand              |       |       |     1 |       |       |       ||     1
    Use: Scroll            |       |     4 |    13 |     6 |     7 |     6 ||    36
         Potion            |       |     6 |     4 |     2 |     5 |     3 ||    20
   Stab: Sleeping          |     2 |       |       |       |       |       ||     2
         Invisible         |       |     1 |       |       |       |       ||     1
         Petrified         |       |       |       |       |     7 |       ||     7
         Distracted        |       |       |       |       |       |     1 ||     1
         Confused          |       |       |       |       |       |     1 ||     1
 Armour: Leather armour    |    50 |    79 |    24 |       |       |       ||   153
         Skin              |       |       |    34 |       |       |       ||    34
         Robe              |       |       |   113 |   149 |       |       ||   262
         Chain mail        |       |       |       |   185 |   350 |   213 ||   748
  Dodge: Dodged            |    69 |    59 |   131 |   214 |   156 |    52 ||   681
         Repelled          |       |       |       |     4 |     4 |    11 ||    19
  Block: Other             |     8 |    27 |   104 |   243 |       |       ||   382
         Reflection        |       |       |       |    16 |    69 |    30 ||   115
         Buckler           |       |       |       |   119 |   966 |   328 ||  1413
